 Dungeon Crawl Stone Soup version 0.25.1-2-g60ff931df9 (webtiles) character file.

Game seed: 1491603287708042796

89050 DerDa the Stormcaller (level 15, -1/89 HPs)
             Began as a Tengu Air Elementalist on Aug 26, 2020.
             Was a High Priest of Sif Muna.
             Hit by a boomerang thrown by a merfolk (9 damage)
             ... on level 1 of the Shoals on Aug 27, 2020.
             The game lasted 02:17:53 (33717 turns).

DerDa the Stormcaller (Tengu Air Elementalist)     Turns: 33717, Time: 02:17:54

Health: -1/89      AC:  7    Str: 15    XL:     15   Next: 96%
Magic:  30/40      EV: 21    Int: 25    God:    Sif Muna [*****.]
Gold:   2881       SH:  5    Dex: 12    Spells: 5/37 levels left

rFire    . . .     SeeInvis .   b - +1 whip "Voeciaj" {vorpal, rElec MR+ MP+9}
rCold    + . .     Gourm    .   U - +0 buckler
rNeg     . . .     Faith    +   H - +1 leather armour of the Vaults {Harm *Slow rElec Regen+}
rPois    .         Spirit   .   h - +1 hat
rElec    +         Reflect  .   D - +0 cloak
rCorr    .         Harm     +   u - +0 pair of gloves
MR       +++..                  (boots unavailable)
Stlth    ++........             o - amulet of faith
HPRegen  0.64/turn              Q - ring of wizardry
MPRegen  0.27/turn              F - ring of Bessa {rC+ MR+ Str+6 Int+3 Dex-2}

@: flying quickly and evasively, very slightly contaminated, quick
A: beak, talons 3, able to fly
a: Stop Flying, Channel Magic, Forget Spell, Divine Exegesis, Renounce Religion


You were on level 1 of the Shoals.
You worshipped Sif Muna.
Sif Muna was extremely pleased with you.
You were not hungry.

You visited 5 branches of the dungeon, and saw 25 of its levels.

You collected 2881 gold pieces.

Inventory:

Hand Weapons
 b - the +1 whip "Voeciaj" (weapon) {vorpal, rElec MR+ MP+9}
   (You found it on level 6 of the Lair of Beasts)

   It inflicts extra damage upon your enemies.
   It insulates you from electricity.
   It affects your resistance to hostile enchantments.
   It affects your magic capacity (+9).
Missiles
 n - 75 poisoned darts (quivered)
Armour
 h - a +1 hat (worn)
 u - a +0 pair of gloves (worn)
 C - a +0 troll leather armour
 D - a +0 cloak (worn)
 H - the +1 leather armour of the Vaults (worn) {Harm *Slow rElec Regen+}
   (You found it on level 6 of the Dungeon)

   It insulates you from electricity.
   It increases your rate of regeneration.
   It may slow you when you take damage.
   It increases damage dealt and taken.
 L - a +2 leather armour of poison resistance
 U - a +0 buckler (worn)
Magical Staves
 a - an uncursed staff of energy
 V - an uncursed staff of wizardry
Jewellery
 j - an uncursed ring of protection from fire
 o - an amulet of faith (around neck)
 w - the ring of Capnuh {*Tele *Contam rF++ Slay+3 SInv}
   (You took it off a wight on level 10 of the Dungeon)

   [ring of teleportation]

   It may teleport you next to monsters.
   It affects your accuracy and damage with ranged weapons and melee attacks
   (+3).
   It greatly protects you from fire.
   It lets you see invisible.
   It causes magical contamination when unequipped.
 F - the ring of Bessa (right hand) {rC+ MR+ Str+6 Int+3 Dex-2}
   (You took it off a centaur warrior on level 10 of the Dungeon)

   [ring of strength]

   It affects your strength (+6).
   It affects your intelligence (+3).
   It affects your dexterity (-2).
   It protects you from cold.
   It affects your resistance to hostile enchantments.
 Q - a ring of wizardry (left hand)
 S - the ring "Firux" {rN+ Dex+4 SInv}
   (You found it on level 10 of the Dungeon)

   [ring of positive energy]

   It affects your dexterity (+4).
   It protects you from negative energy.
   It lets you see invisible.
Wands
 g - a wand of polymorph (22)
 q - a wand of iceblast (24)
 A - a wand of clouds (5)
 R - a wand of paralysis (8)
Scrolls
 d - a scroll of enchant armour
 s - 9 scrolls of teleportation
 G - 8 scrolls of remove curse
 M - 4 scrolls of enchant weapon
 T - 4 scrolls of fog
 W - 3 scrolls of immolation
 Z - 10 scrolls of magic mapping
Potions
 k - 3 potions of might
 l - 2 potions of magic
 m - 2 potions of brilliance
 p - 7 potions of heal wounds
 v - 3 potions of cancellation
 x - 5 potions of haste
 E - 2 potions of berserk rage
 I - 2 potions of resistance
 J - 7 potions of curing
 N - a potion of invisibility
 O - a potion of mutation
Miscellaneous
 e - a lightning rod (4/4)
 z - a phial of floods
 X - a phantom mirror
Comestibles
 c - 20 rations


   Skills:
 + Level 8.7 Fighting
 * Level 10.8 Dodging
 - Level 2.0 Stealth
 - Level 4.0 Shields
 * Level 11.7 Spellcasting
 * Level 15.8 Conjurations
 * Level 16.0 Air Magic
 - Level 5.0 Poison Magic
 + Level 7.9 Invocations
 + Level 6.0 Evocations


You had 5 spell levels left.
You knew the following spells:

 Your Spells              Type           Power        Failure   Level  Hunger
a - Shock                 Conj/Air       ####         0%          1    None
b - Static Discharge      Conj/Air       #######.     0%          3    None
c - Mephitic Cloud        Conj/Pois/Air  ######..     1%          3    None
d - Airstrike             Air            #######...   1%          4    None
e - Lightning Bolt        Conj/Air       #######...   1%          5    ###....
f - Freezing Cloud        Conj/Ice/Air   ######....   4%          6    #####..
g - Conjure Ball Lightni  Conj/Air       #######...   1%          6    #####..
q - Blink                 Tloc           N/A          3%          2    None
w - Swiftness             Chrm/Air       ######..     1%          2    None

Your spell library contained the following spells:

 Spells                   Type           Power        Failure   Level  Hunger
 Magic Dart               Conj           ####         0%          1    None
 Animate Skeleton         Necr           N/A          1%          1    None
 Apportation              Tloc           ##....       1%          1    None
 Corona                   Hex            ##.....      1%          1    None
 Foxfire                  Conj/Fire      ####         1%          1    None
 Pain                     Necr           ##..         1%          1    None
 Sting                    Tmut/Pois      ####         1%          1    None
 Summon Butterflies       Summ           ##......     1%          1    None
 Corpse Rot               Necr/Air       N/A          1%          2    None
 Poisonous Vapours        Pois/Air       ######       1%          2    None
 Conjure Flame            Conj/Fire      ######..     1%          3    None
 Dazzling Flash           Conj/Hex       ######       1%          3    None
 Sticky Flame             Conj/Fire      ######..     1%          4    None
 Fireball                 Conj/Fire      ######....   2%          5    ###....
 Iskenderun's Battlesphe  Conj/Chrm      ######..     2%          5    ###....
 Silence                  Hex/Air        ######....   2%          5    ###....
 Call Imp                 Summ           ##......     3%          2    None
 Ensorcelled Hibernation  Hex/Ice        ##....       3%          2    None
 Slow                     Hex            ##......     3%          2    None
 Call Canine Familiar     Summ           ##......     6%          3    None
 Confusing Touch          Hex            ##......     6%          3    None
 Inner Flame              Hex/Fire       ##......     6%          3    None
 Lesser Beckoning         Tloc           ##........   6%          3    None
 Portal Projectile        Hex/Tloc       ##....       6%          3    None
 Recall                   Summ/Tloc      N/A          6%          3    None
 Tukima's Dance           Hex            ##......     6%          3    None
 Vampiric Draining        Necr           ##........   6%          3    None
 Bolt of Magma            Conj/Fire/Erth #####.....   6%          5    ###....
 Animate Dead             Necr           N/A          21%         4    None
 Cause Fear               Hex            ##........   21%         4    None
 Leda's Liquefaction      Hex/Erth       ##........   21%         4    None
 Summon Ice Beast         Ice/Summ       ##......     21%         4    None
 Alistair's Intoxication  Tmut/Pois      ####....     21%         5    ###....
 Agony                    Necr           ##......     45%         5    ###....
 Summon Mana Viper        Hex/Summ       ##......     45%         5    ###....
 Orb of Destruction       Conj           #######...   2%          7    ######.
 Iron Shot                Conj/Erth      ######....   12%         6    #####..
 Chain Lightning          Conj/Air       #######...   19%         8    #######
 Spellforged Servitor     Conj/Summ      ######....   52%         7    ######.
 Tornado                  Air            #######...   93%         9    #######
 Monstrous Menagerie      Summ           ##........   100%        7    ######.
 Summon Greater Demon     Summ           ##........   100%        7    ######.
 Summon Hydra             Summ           ##........   100%        7    ######.
 Summon Horrible Things   Summ           ##........   100%        8    #######


Dungeon Overview and Level Annotations

Branches:
Dungeon (15/15)            Temple (1/1) D:7            Lair (6/6) D:11
 Shoals (1/4) Lair:4       Spider (0/4) Lair:3        Slime (0/5) Lair:5
    Orc (2/2) D:9             Elf (0/3) Orc:2        Vaults (0/5) D:14
 Depths (0/5) D:15

Altars:
Ashenzari
Cheibriados
Dithmenos
Elyvilon
Fedhas
Gozag
Hepliaklqana
Kikubaaqudgha
Makhleb
Nemelex Xobeh
Okawaru
Qazlal
Ru
Sif Muna
Trog
Uskayaw
Vehumet
Wu Jian
Xom
Yredelemnul
Zin
The Shining One

Shops:
D:9 }   D:11 [   D:14 }   Orc:1 *   Orc:2 !(%(

Annotations:
D:2 exclusion: sky beast
D:15 3 runed translucent doors, exclusion: orange crystal statue, Roxanne


Innate Abilities, Weirdness & Mutations

You have a beak for a mouth.
You have claws for feet.
You can fly continuously.


Message History

The blast of lightning engulfs the merfolk!!
The merfolk is almost dead.
The blast of lightning engulfs the water nymph!!
You kill the water nymph!
Sif Muna accepts your kill.
The blast of lightning engulfs the water elemental.
The water elemental resists.
The water elemental is moderately damaged.
The merfolk throws a boomerang.
The boomerang hits you.
The weapon returns to the merfolk!
The merfolk throws a boomerang.
The boomerang hits you!
* * * LOW HITPOINT WARNING * * *
The weapon returns to the merfolk!
A merfolk siren comes into view. It is wielding a +0 spear.
There is a glowing golden altar of the Shining One here.
The merfolk throws a boomerang.
The boomerang hits you!
* * * LOW HITPOINT WARNING * * *
The weapon returns to the merfolk!
The merfolk throws a boomerang.
The boomerang hits you!
You die...

≈≈≈≈≈≈≈≈≈≈≈≈≈≈≈
≈≈≈≈≈≈≈≈≈≈≈....
≈≈≈≈≈≈≈≈≈≈≈≈....
≈≈≈≈≈≈≈≈≈≈≈≈.....
≈≈≈≈≈≈≈≈≈≈≈≈......
≈≈≈≈≈≈≈≈≈≈≈≈.......
≈≈≈≈≈.≈≈≈≈≈........
≈≈≈≈≈.....#@#......
≈≈≈........E..%....
≈≈≈...m...≈≈.......
≈≈P≈......≈≈≈......
≈≈≈P≈...t≈≈≈≈≈.....
≈≈≈≈≈≈≈≈PP≈m≈≈≈≈≈≈≈≈....
≈≈≈≈P≈≈≈P≈H≈≈≈≈≈≈≈≈≈≈≈≈≈
≈≈≈≈≈≈P≈≈≈≈≈m≈≈≈≈≈≈≈≈≈≈≈
≈≈≈≈≈≈≈≈≈.k≈≈≈≈≈≈≈≈≈≈≈≈≈


You could see a snapping turtle, 2 merfolk, a hippogriff, a water elemental and
a merfolk siren.

Vanquished Creatures
  Frances (D:13)
  Kirke (Lair:5)
  The ghost of viiviliisa the Warrior, a journeyman MiMo of Makhleb (D:11)
  Azrael (D:15)
  Snorg (D:11)
  Josephine (D:14)
  A great orb of eyes (D:14)
  2 vault guards (D:14)
  8 hydras
  Erolcha (D:11)
  4 centaur warriors
  3 catoblepae (Lair:6)
  The ghost of dengdeng the Protected, a novice MiBe of Trog (D:9)
  4 death yaks (Lair:6)
  5 two-headed ogres
  A dancing weapon (D:9)
  3 orc high priests (Orc:2)
  A tengu warrior (D:13)
  Urug (Orc:1)
  2 skeletal warriors (D:15)
  2 unseen horrors (D:15)
  A sea snake (Shoals:1)
  Pikel (D:7)
  3 wizards (D:14)
  3 deep elf magi
  A phantasmal warrior (D:15)
  6 orc knights (Orc:2)
  3 ugly things
  4 oklob plants (Lair:4)
  A wolf spider zombie (D:15)
  2 necromancers
  A tengu skeleton (D:15)
  2 manticores (Lair:6)
  A frost giant zombie (D:15)
  3 orc sorcerers (Orc:2)
  6 cyclopes
  4 elephants (Lair:4)
  A water nymph (Shoals:1)
  5 black mambas
  3 centaur zombies
  10 spiny frogs
  2 gargoyles
  2 centaur skeletons
  Maggie (Lair:2)
  3 kobold demonologists (D:15)
  An efreet (D:14)
  6 komodo dragons
  A yaktaur (D:14)
  4 trolls
  A tengu conjurer (D:13)
  A demonic crawler (Lair:6)
  A merfolk (D:11)
  A polar bear (Lair:6)
  A tyrant leech (Lair:6)
  A troll (shapeshifter) (D:15)
  A harpy zombie (D:13)
  2 snapping turtles
  2 fire dragon zombies (D:15)
  9 slime creatures
  4 blink frogs (Lair:5)
  9 hippogriffs
  A redback (Lair:3)
  A water elemental (D:15)
  3 wyverns
  A spriggan (D:11)
  35 yaks
  2 hogs (Lair:5)
  2 basilisks
  4 wraiths
  16 humans (D:14)
  3 fire elementals (D:15)
  A vampire mosquito (D:14)
  Menkaure (D:5)
  3 swamp worms (Lair:6)
  11 water moccasins
  2 porcupines
  A hell hound (D:15)
  5 black bears
  24 orc warriors
  A sky beast (D:5)
  3 slaves (D:7)
  An ice beast (D:8)
  A necrophage (D:11)
  3 eyes of draining
  4 phantoms
  6 wolves (Lair:1)
  14 ogres
  19 centaurs
  10 crocodiles
  7 big kobolds
  16 bullfrogs
  A wyvern zombie (D:6)
  3 scorpions
  7 wights
  3 electric eels
  4 howler monkeys
  8 crimson imps
  2 bullfrog skeletons (D:11)
  7 hounds
  4 jellies
  15 orc priests
  19 orc wizards
  5 iguanas
  13 worker ants
  2 hound zombies
  2 hound skeletons
  A worker ant zombie (D:10)
  3 gnolls (D:2)
  15 adders
  A howler monkey skeleton (D:10)
  5 shadow imps
  An adder skeleton (D:5)
  4 worms
  3 dart slugs
  4 leopard geckos
  73 orcs
  5 giant cockroaches
  10 goblins
  8 hobgoblins
  8 jackals
  15 kobolds
  8 quokkas
  5 ball pythons
  17 bats
  2 frilled lizards
  A quokka skeleton (D:4)
  8 rats
  14 plants
666 creatures vanquished.

Vanquished Creatures (collateral kills)
  2 ball lightnings
2 creatures vanquished.

Vanquished Creatures (others)
  41 ball lightnings
  An orc wizard (Orc:2)
  A quokka zombie (D:7)
  52 fungi
  45 plants
  4 withered plants (D:15)
144 creatures vanquished.

Grand Total: 812 creatures vanquished

Notes
Turn   | Place    | Note
-------+----------+-------------------------------------------
     0 | D:1      | DerDa the Tengu Air Elementalist began the quest for the
                  | Orb.
     0 | D:1      | Reached XP level 1. HP: 10/10 MP: 4/4
   166 | D:1      | Reached XP level 2. HP: 15/15 MP: 3/6
   940 | D:2      | Reached XP level 3. HP: 17/19 MP: 0/7
  1005 | D:1      | Learned a level 3 spell: Static Discharge
  1008 | D:1      | Learned a level 2 spell: Swiftness
  1235 | D:2      | Noticed a sky beast
  1536 | D:2      | Reached XP level 4. HP: 24/24 MP: 0/9
  1663 | D:2      | Found a sacrificial altar of Ru.
  1815 | D:2      | Reached skill level 5 in Air Magic
  2309 | D:3      | Gained mutation: You can fly continuously. [Tengu growth]
  2309 | D:3      | Reached XP level 5. HP: 28/28 MP: 7/10
  2503 | D:3      | Found a basalt altar of Yredelemnul.
  2967 | D:3      | Found a shimmering blue altar of Sif Muna.
  2978 | D:3      | Became a worshipper of Sif Muna the Loreminder
  3065 | D:3      | Learned a level 3 spell: Mephitic Cloud
  3228 | D:3      | Found a white marble altar of Elyvilon.
  3805 | D:4      | Reached XP level 6. HP: 32/32 MP: 2/12
  3805 | D:4      | Reached * piety under Sif Muna
  3805 | D:4      | Reached skill level 6 in Air Magic
  4686 | D:4      | Noticed a phantom
  4701 | D:4      | Killed a phantom
  4701 | D:4      | Reached skill level 5 in Conjurations
  4846 | D:5      | Entered Level 5 of the Dungeon
  4846 | D:5      | Noticed a sky beast
  4913 | D:4      | Learned a level 4 spell: Airstrike
  4936 | D:5      | Found an ancient bone altar of Kikubaaqudgha.
  4947 | D:5      | Reached XP level 7. HP: 32/36 MP: 3/14
  5480 | D:5      | Reached ** piety under Sif Muna
  5603 | D:5      | Reached skill level 1 in Fighting
  5603 | D:5      | Reached skill level 7 in Air Magic
  5603 | D:5      | Reached skill level 1 in Poison Magic
  5603 | D:5      | Reached skill level 1 in Invocations
  5955 | D:5      | Noticed Menkaure
  5969 | D:5      | Killed Menkaure
  5969 | D:5      | Reached XP level 8. HP: 29/43 MP: 12/15
  6593 | D:6      | Reached skill level 5 in Spellcasting
  6751 | D:6      | Reached skill level 8 in Air Magic
  7064 | D:6      | You fall into a shaft and drop 1 floor!
  7101 | D:7      | Reached *** piety under Sif Muna
  7239 | D:7      | Found a blossoming altar of Fedhas.
  7303 | D:6      | Got an ancient leather armour
  7313 | D:6      | Identified the +1 leather armour of the Vaults {Harm *Slow
                  | rElec Regen+} (You found it on level 6 of the Dungeon)
  7343 | D:6      | Reached XP level 9. HP: 49/49 MP: 14/18
  7543 | D:6      | Found a shattered altar of Ashenzari.
  7707 | D:6      | Found a hide-covered altar of Uskayaw.
  8203 | D:7      | Found a staircase to the Ecumenical Temple.
  8216 | Temple   | Entered the Ecumenical Temple
  8546 | D:7      | Noticed Pikel
  8577 | D:7      | Killed Pikel
  8577 | D:7      | Reached skill level 9 in Air Magic
  8796 | D:7      | Identified Saun's Disquisition on Mutagenic Displacement
  8872 | D:7      | Found a shadowy altar of Dithmenos.
  8955 | D:7      | Learned a level 5 spell: Lightning Bolt
  9079 | D:8      | Found a hazy altar of Hepliaklqana.
  9151 | D:8      | Reached **** piety under Sif Muna
  9600 | D:8      | Reached XP level 10. HP: 24/56 MP: 11/20
 10205 | D:9      | Found a staircase to the Orcish Mines.
 10443 | D:9      | Noticed a two-headed ogre
 10455 | D:9      | Killed a two-headed ogre
 10455 | D:9      | Reached skill level 5 in Dodging
 10455 | D:9      | Reached skill level 10 in Air Magic
 10667 | D:9      | Found an ornate altar of the Wu Jian Council.
 10680 | D:9      | Found a snail-covered altar of Cheibriados.
 10684 | D:9      | Found a glowing silver altar of Zin.
 10946 | D:9      | Found a runed translucent door.
 10946 | D:9      | Found a shimmering altar of Xom.
 10946 | D:9      | Noticed dengdeng's ghost (novice MiBe)
 10950 | D:9      | Noticed a +2 war axe of chaos
 10960 | D:9      | Found Owopy's Gadget Shoppe.
 11129 | D:9      | Found a bloodstained altar of Trog.
 11130 | D:9      | Found an iron altar of Okawaru.
 11252 | D:10     | Entered Level 10 of the Dungeon
 11295 | D:10     | Learned a level 2 spell: Blink
 11758 | D:10     | Noticed a two-headed ogre
 11761 | D:10     | Killed a two-headed ogre
 11761 | D:10     | Reached skill level 10 in Conjurations
 12094 | D:10     | Reached XP level 11. HP: 62/62 MP: 2/23
 12549 | D:10     | Reached ***** piety under Sif Muna
 12610 | D:10     | Identified Mainin's Handbook of Poisoning and Feathers (Sif
                  | Muna gifted it to you on level 10 of the Dungeon)
 12610 | D:10     | Received a gift from Sif Muna
 12613 | D:10     | Reached skill level 11 in Air Magic
 12726 | D:10     | Noticed a two-headed ogre
 12728 | D:10     | Killed a two-headed ogre
 12741 | D:10     | Identified the amulet "Ryvviane" {rElec rC+ Regen+}
 12741 | D:10     | Noticed a centaur warrior
 12750 | D:10     | Killed a centaur warrior
 12865 | D:10     | Noticed a cyan ugly thing
 13036 | D:10     | Reached skill level 5 in Poison Magic
 13088 | D:10     | Identified the ring of Capnuh {*Tele *Contam rF++ Slay+3
                  | SInv}
 13135 | D:10     | Identified the ring of Bessa {rC+ MR+ Str+6 Int+3 Dex-2}
 13135 | D:10     | Noticed a centaur warrior
 13140 | D:10     | Killed a centaur warrior
 13140 | D:10     | Reached skill level 5 in Fighting
 13292 | D:10     | Killed a cyan ugly thing
 13374 | D:10     | Noticed a cyclops
 13731 | D:10     | Killed a cyclops
 13815 | D:10     | Got a coiled silver ring
 13817 | D:10     | Identified the ring "Firux" {rN+ Dex+4 SInv} (You found it
                  | on level 10 of the Dungeon)
 13917 | D:11     | Found Ippott's Armour Shoppe.
 14274 | D:11     | Noticed a deep elf mage
 14277 | D:11     | Killed a deep elf mage
 14304 | D:11     | Noticed a cyclops
 14309 | D:11     | Killed a cyclops
 14397 | D:11     | Found a staircase to the Lair.
 14419 | D:11     | Noticed a brown ugly thing
 14427 | D:11     | Noticed a four-headed hydra
 14459 | D:10     | Killed a brown ugly thing
 14546 | D:11     | Found a runed translucent gate.
 14547 | D:11     | Found a runed translucent gate.
 14547 | D:11     | Found a runed translucent gate.
 14551 | D:11     | Reached skill level 5 in Invocations
 14558 | D:11     | Noticed viiviliisa's ghost (journeyman MiMo)
 14678 | D:11     | Reached skill level 12 in Air Magic
 14680 | D:11     | Noticed Snorg
 14703 | D:11     | Killed Snorg
 14703 | D:11     | Reached XP level 12. HP: 68/68 MP: 12/25
 14827 | D:11     | Noticed Erolcha
 14961 | D:11     | Killed Erolcha
 15612 | D:11     | You are sucked into a shaft and drop 1 floor!
 15613 | D:12     | Noticed a two-headed ogre
 15619 | D:12     | Killed a two-headed ogre
 15784 | D:11     | Killed a four-headed hydra
 15930 | D:11     | Reached skill level 1 in Shields
 16376 | D:9      | Killed dengdeng's ghost
 16376 | D:9      | Reached skill level 1 in Evocations
 16451 | Lair:1   | Entered Level 1 of the Lair of Beasts
 17178 | Lair:1   | Found a radiant altar of Vehumet.
 17625 | Lair:2   | Noticed an eight-headed hydra
 17630 | Lair:2   | Killed an eight-headed hydra
 17670 | Lair:2   | Noticed Maggie
 17677 | Lair:2   | Killed Maggie
 18168 | Lair:2   | Reached skill level 13 in Air Magic
 19416 | Lair:3   | Found a hole to the Spider Nest.
 20258 | Lair:4   | Found a staircase to the Shoals.
 20263 | Lair:4   | Reached XP level 13. HP: 74/74 MP: 21/27
 22531 | Lair:5   | Reached skill level 10 in Spellcasting
 22809 | Lair:5   | Noticed Kirke
 22817 | Lair:5   | Killed Kirke
 22817 | Lair:5   | Reached skill level 14 in Air Magic
 22927 | Lair:5   | Found a staircase to the Slime Pits.
 23263 | Lair:6   | Entered Level 6 of the Lair of Beasts
 23713 | Lair:6   | Reached XP level 14. HP: 82/82 MP: 16/29
 24720 | Lair:6   | Learned a level 6 spell: Freezing Cloud
 25118 | Lair:6   | Found the +2 ratskin cloak {+Rats rPois rN+ Str-1 Int-1
                  | Dex+1}
 25131 | Lair:6   | Got a fine whip
 25465 | Orc:1    | Entered Level 1 of the Orcish Mines
 25471 | D:9      | Identified the cursed +1 whip "Voeciaj" {vorpal, rElec MR+
                  | MP+9} (You found it on level 6 of the Lair of Beasts)
 25528 | Orc:1    | Identified Sif Muna's Grimoire of Creation (Sif Muna gifted
                  | it to you on level 1 of the Orcish Mines)
 25528 | Orc:1    | Received a gift from Sif Muna
 25535 | Orc:1    | Noticed Urug
 25901 | D:11     | Killed viiviliisa's ghost
 26840 | D:13     | Identified a scroll of acquirement
 26841 | D:13     | Acquired an uncursed staff of wizardry
 27109 | D:13     | Noticed Frances
 27552 | D:13     | Killed Frances
 27552 | D:13     | Reached skill level 15 in Air Magic
 27849 | D:13     | Found a stormy altar of Qazlal.
 28213 | D:14     | Noticed Josephine
 28219 | D:14     | Killed Josephine
 28219 | D:14     | Reached skill level 5 in Evocations
 28247 | D:14     | Reached XP level 15. HP: 75/88 MP: 6/31
 28575 | D:14     | Reached skill level 15 in Conjurations
 29045 | D:14     | Found a sparkling altar of Nemelex Xobeh.
 29105 | D:14     | Reached skill level 10 in Dodging
 29130 | D:14     | Received a gift from Sif Muna
 29674 | D:14     | Found Edyset's Gadget Boutique.
 29763 | D:14     | Found a gate to the Vaults.
 29905 | D:15     | Entered Level 15 of the Dungeon
 30139 | D:15     | Noticed Azrael
 30151 | D:15     | Killed Azrael
 30576 | D:15     | Found a runed translucent door.
 30588 | D:15     | Found a runed translucent door.
 30598 | D:15     | Found a runed translucent door.
 30611 | D:15     | Found a runed translucent door.
 30616 | D:15     | Noticed Roxanne
 30873 | D:15     | Found a staircase to the Depths.
 31552 | Orc:1    | Killed Urug
 32008 | Orc:2    | Entered Level 2 of the Orcish Mines
 32049 | Orc:1    | Found Medwian's General Store.
 32151 | Orc:2    | Found a staircase to the Elven Halls.
 32259 | Orc:2    | Learned a level 6 spell: Conjure Ball Lightning
 32742 | Orc:2    | Identified Sif Muna's Grimoire of the Aerial Voyage (Sif
                  | Muna gifted it to you on level 2 of the Orcish Mines)
 32742 | Orc:2    | Received a gift from Sif Muna
 32872 | Orc:2    | Reached skill level 16 in Air Magic
 33023 | Orc:2    | Found Nyuwn's Antique Weapon Shop.
 33023 | Orc:2    | Found Nuqituzyupt's Distillery.
 33025 | Orc:2    | Found Diuhat's Antique Weapon Emporium.
 33025 | Orc:2    | Found Uplet's Food Shop.
 33605 | Shoals:1 | Entered Level 1 of the Shoals
 33708 | Shoals:1 | Found a glowing golden altar of the Shining One.
 33717 | Shoals:1 | Hit by a boomerang thrown by a merfolk

Illustrated notes

Levels and vault maps discovered:
D:1:      co_arrival_square_in_a_square_in_a_square, layout_loops_cross
D:2:      layout_rooms, hangedman_ru_absence, first_ration
D:3:      layout_loops_corners, kennysheep_ying_yang,
          nicolae_overflow_crystal_walls, corexii_hall_statues_x
D:4:      layout_basic
D:5:      layout_rooms, lemuel_crystal_altar, minmay_fractal_squares_5,
          uniq_menkaure
D:6:      cheibrodos_quashed, layout_basic, serial_rivers,
          chequers_serial_rivers_room_b, chequers_serial_rivers_small_3,
          chequers_serial_rivers_room_b, chequers_serial_rivers_small_b,
          basic_altar, nicolae_ashenzari_panopticon
D:7:      layout_basic, overflow_temple_1_default, marbit_many_paths,
          minmay_temple_entry_glass, uniq_pikel
D:8:      layout_basic, kennysheep_mini
D:9:      layout_gridville, grunt_temple_overflow_bloody_war,
          minmay_overflow_temple_star_quad, ebering_ghost_xom, serial_shops,
          nicolae_shop_statue_plus
D:10:     minmay_the_grid_triangle_9x9_rhombus_full
          [minmay_the_grid_triangle_9x9_alien,
          minmay_the_grid_triangle_9x9_zippers_horizontal,
          minmay_the_grid_triangle_9x9_semitri,
          minmay_the_grid_triangle_9x9_odd_lines,
          minmay_the_grid_triangle_9x9_sprig,
          minmay_the_grid_triangle_9x9_flanged_cone,
          minmay_the_grid_triangle_9x9_dagger,
          minmay_the_grid_triangle_9x9_prize_special], layout_irregular_city
D:11:     layout_layer_cave, due_lair_maze_entry_diamond, serial_shops,
          nicolae_shop_crystal, ebering_ghost_rock_garden, hangedman_stone_soup,
          uniq_erolcha, uniq_snorg
D:12:     layout_roguey
D:13:     layout_roguey, lemuel_centaur_altar, uniq_frances
D:14:     layout_small_grid, grunt_vaults_entry_tiered, serial_shops,
          nicolae_shop_trees, nemelex_xobeh_ov_fountains_minmay,
          hangedman_corner_corridor, uniq_josephine
D:15:     gammafunk_depths_entry_grave, layout_cave_pools, minivault_4,
          st_stairs_13, fountainhead, minmay_statue_crystal_thing, uniq_azrael,
          uniq_roxanne
Temple:   nicolae_temple_figure_zero
Lair:1:   layout_cave_pods, basic_altar
Lair:2:   layout_layer_cave, uniq_maggie
Lair:3:   layout_cave_pods, spider_nest_entry_webs, serial_bayou_shore_a
Lair:4:   layout_roguey, minmay_shoals_entry_hut, beast_lair_carwin_8,
          lemuel_fruit_fields, minmay_lair_oklob_chamber
Lair:5:   layout_small_grid, minmay_slime_entry_pillars, grunt_megastairs_3,
          uniq_kirke
Lair:6:   evilmike_catoblepas_cave, layout_small_grid, worms_lemuel,
          grunt_megastairs_5
Shoals:1: cheibrodos_shoals_gigantism, layout_shoals, hangedman_feature_mirror,
          st_cyclops, uniq_louise, uniq_donald
Orc:1:    layout_caves, serial_shops, shop, uniq_urug
Orc:2:    grunt_orc_tribal_feast, layout_diamond_mine

Skill      XL: |  1  2  3  4  5  6  7  8  9 10 11 12 13 14 15 |
---------------+----------------------------------------------+-----
Conjurations   | 2 3 4 5 6 7 8 10 11 12 13 14 15 | 15.8
Air Magic      | 5 6 7 8 9 10 12 13 14 15 16 | 16.0
Spellcasting   | 3 4 5 6 7 8 9 10 11 | 11.7
Fighting       | 1 2 3 4 5 6 7 8 |  8.7
Poison Magic   | 1 2 3 4 5 |  5.0
Invocations    | 1 2 3 4 5 6 7 |  7.9
Dodging        | 3 4 5 6 7 8 9 10 | 10.8
Shields        | 3 4 |  4.0
Evocations     | 2 3 5 6 |  6.0
Stealth        | |  2.0

Action                   |  1- 3 |  4- 6 |  7- 9 | 10-12 | 13-15 || total
-------------------------+-------+-------+-------+-------+-------++-------
Melee: Short sword       |       |     1 |       |     7 |       ||     8
       Peck              |       |     1 |     3 |     8 |    18 ||    30
       Dagger            |       |       |    16 |       |       ||    16
       Kick              |       |       |     6 |    13 |    40 ||    59
       Falchion          |       |       |     6 |       |       ||     6
       Hand axe          |       |       |     6 |    45 |       ||    51
       Staff             |       |       |       |       |    15 ||    15
       Whip              |       |       |       |       |   106 ||   106
Throw: Dart              |       |       |     5 |     5 |     5 ||    15
 Cast: Shock             |    74 |   155 |   215 |   179 |    21 ||   644
       Static Discharge  |       |     2 |     1 |     4 |    21 ||    28
       Mephitic Cloud    |       |     1 |     2 |     5 |     4 ||    12
       Airstrike         |       |       |    13 |   131 |   185 ||   329
       Swiftness         |       |       |     1 |     8 |     3 ||    12
       Lightning Bolt    |       |       |       |    47 |   210 ||   257
       Freezing Cloud    |       |       |       |       |    24 ||    24
       Blink             |       |       |       |       |     1 ||     1
       Conjure Ball Ligh |       |       |       |       |    19 ||    19
Invok: Channel Magic     |       |       |       |     7 |    17 ||    24
 Abil: Fly               |       |       |     1 |       |       ||     1
Evoke: Wand              |       |       |       |     1 |     1 ||     2
       Lightning rod     |       |       |       |       |     1 ||     1
       Phial of floods   |       |       |       |       |     1 ||     1
  Use: Potion            |       |       |     3 |       |     1 ||     4
       Scroll            |       |       |       |    20 |    18 ||    38
  Eat: Chunk             |     3 |    10 |    16 |    33 |    58 ||   120
       Ration            |       |       |       |     5 |     5 ||    10
Armor: Robe              |     3 |     7 |    12 |       |       ||    22
       Leather armour    |       |       |     8 |    22 |    49 ||    79
Dodge: Dodged            |    11 |    27 |    51 |    84 |   208 ||   381
Block: Buckler           |       |       |       |       |    64 ||    64
       Rpst.: Falchion   |       |     3 |     2 |       |     5 ||    10
